[Event "E World Championship 2023"]
[Site "Chess.com"]
[Date "2023.04.09"]
[Round "1"]
[White "Nepomniachtchi, Ian"]
[Black "Ding, Liren"]
[Result "1/2-1/2"]
[WhiteElo "2795"]
[BlackElo "2788"]
[ECO "C85"]
[EventDate "2023.??.??"]
[Annotator "rafael"]
[PlyCount "97"]
[Beauty "5636070839303"]
[EventType "match"]
[EventRounds "3"]
[EventCountry "FID"]
[TimeControl "5400+30"]

1.e4 e5 2.Nf3 Nc6 3.Bb5 a6 4.Ba4 Nf6 5.O-O Be7 6.Bxc6 $5 {[%c_effect c6;square;c6;type;Interesting;persistent;true] No surprises in Ding's opening choice—we were all expecting a classic 1.e4 e5. But Nepomniachtchi shows his weapons already on move six. He had never played the \"Delayed Exchange Variation\" before.} 6...dxc6 7.Re1 $5 {[%c_effect e1;square;e1;type;Interesting;persistent;true] The move played in the game is just the fourth most popular, despite having, even so, vast theory behind it. The idea will become clear in the next move: White wants to advance his pawn to d4. Ding has faced this system three times, but in all the games his opponents played 7.d3.} ( 7.d3 ) 7...Nd7 ( 7...Bg4 {is a critical move, leading to unbalanced positions. Perhaps not the best choice when you are surprised in the opening,} 8.h3 Bh5 ( 8...Bxf3 9.Qxf3 {gives White a comfortable small advantage.} ) 9.g4 Nxg4 $1 ( 9...Bg6 10.Nxe5 Bc5 $5 {[%c_effect c5;square;c5;type;Interesting;persistent;true] This move is new and is the best way for Black to fight for compensation.} ( 10...Bxe4 11.d4 $1 {[%c_effect d4;square;d4;type;GreatFind;persistent;true] With a tricky position, in which White can fight for an advantage.} ( 11.g5 Bd5 $1 12.gxf6 gxf6 13.Ng4 f5 {with good compensation for the piece in this chaotic position.} ) ) ) 10.hxg4 Bxg4 {Some games were played in this position and the computer evaluates it as equal. But Nepomniachtchi certainly has new ideas here.} ) 8.d4 $1 {[%c_effect d4;square;d4;type;GreatFind;persistent;true] This is the point. White seeks a more open game, rather than the typical maneuvers that result from slower play with the pawn on d3.} 8...exd4 9.Qxd4 O-O 10.Bf4 Nc5 11.Qe3 {This is more dangerous than the queen exchange.} ( 11.Qxd8 Bxd8 ) 11...Bg4 $6 $146 {[%c_effect g4;square;g4;type;Inaccuracy;persistent;true] A new move and not an accurate one.} ( 11...Ne6 {is more reliable and ended in a draw after:} 12.Bg3 Bc5 13.Qc3 Qe7 14.Nbd2 Re8 15.Rad1 {in Groszpeter-Pinter, Hungary 2015.} ) 12.Nd4 $1 {[%c_effect d4;square;d4;type;GreatFind;persistent;true] The problem with the bishop move is that the knight is not pinned, so it can move and the bishop is not in a stable position.} ( 12.Ne5 {is also possible.} 12...Bh5 13.g4 Bg6 14.Nc3 {White also has the initiative in this position, with the rook coming to d1 and the queen to g3. But it seems the move played in the game is even better.} ) 12...Qd7 {The natural reaction, preparing to bring the rook to d8.} 13.Nc3 Rad8 {A critical moment where white's play can be improved.} 14.Nf5 $6 {[%c_effect f5;square;f5;type;Inaccuracy;persistent;true] This move allows Black to equalize.} ( 14.h3 $1 {[%c_effect h3;square;h3;type;GreatFind;persistent;true] This tricky move creates big practical problems for Black.} 14...Rfe8 $1 {[%c_effect e8;square;e8;type;GreatFind;persistent;true] This is the best. It's necessary to protect the bishop on e7 in order to be able to capture on d4.} ( 14...Qxd4 $2 15.Nd5 $3 {[%c_effect d5;square;d5;type;Brilliant;persistent;true] This is White's idea. This surprising tactical shot wins material.} 15...Bf6 ( 15...Qxe3 16.Nxe7+ Kh8 17.Bxe3 {White wins a piece as two pieces are attacked.} ) ( 15...Rxd5 16.exd5 Qxe3 17.Rxe3 {Again Black loses material as both bishops are attacked.} ) 16.Nxf6+ gxf6 ( 16...Qxf6 17.Bg5 $1 ) 17.Qg3 {the bishop will be captured and White has a winning advantage.} ) ( 14...Bxh3 $2 {[%c_effect h3;square;h3;type;Mistake;persistent;true] This move loses after} 15.Rad1 Be6 16.Nb3 {winning material.} ) ( 14...Bh5 15.Nf5 Ne6 16.g4 $1 Bc5 ( 16...Bg6 17.Rad1 Qe8 18.Nxe7+ Qxe7 19.Bg3 {Followed by f2-f4 with a huge advantage.} ) 17.Qf3 Bg6 18.Rad1 {Black is under pressure.} ) 15.Qg3 $5 ( 15.hxg4 {Black has compensation for the pawn after} 15...Qxd4 16.Qxd4 ( 16.Nd5 Qxe3 17.Nxe7+ Rxe7 {Black has no problems.} ) 16...Rxd4 17.Bxc7 Ne6 ) 15...Qxd4 16.Bxc7 $1 Rd7 ( 16...Bh5 $2 17.Be5 ) 17.hxg4 Bf8 {Black has practical compensation for the pawn.} ) 14...Ne6 $6 ( 14...Bxf5 {is better.} 15.exf5 Rfe8 {Black has no problems here.} 16.f6 {Maybe Ding was afraid of this pawn advance.} 16...Bd6 ( 16...Bf8 {is also enough.} ) 17.Qg3 Rxe1+ ( 17...g6 ) 18.Rxe1 Ne6 {with an equal position.} ) 15.Nxe7+ ( 15.Bh6 $5 {[%c_effect h6;square;h6;type;Interesting;persistent;true] is a flashy move, but Black can defend.} 15...Bh5 16.Bxg7 Nxg7 17.Qh6 Nxf5 18.exf5 Bg6 ( 18...Qxf5 {is dangerous after} 19.Rxe7 Rd6 20.Qe3 Qxc2 21.Re1 ) 19.fxg6 hxg6 20.Ne4 Rfe8 {White is slightly better, but the position is defensible.} ) 15...Qxe7 16.Bg3 {Now the game goes into a slow maneuvering phase.} 16...Bh5 ( 16...f5 $1 {[%c_effect f5;square;f5;type;GreatFind;persistent;true] is better, since Black gets a more active position.} 17.exf5 Bxf5 ) 17.f3 {White is slightly better because of the pawn structure. He can prepare the pawns’ advance on the kingside and press without any risk of defeat, so the opening can be considered a success for Nepomniachtchi.} 17...f6 18.h3 h6 19.Kh2 Bf7 20.Rad1 b6 21.a3 a5 {Both players improve their structure and their pieces in the last few moves.} 22.Ne2 ( 22.f4 {is a natural way of putting pressure, with the idea of advancing the pawns to f5 and e5.} ) 22...Rxd1 ( 22...c5 23.Nf4 {The idea is to bring the knight to the attack. If the knights are exchanged, then it's not so easy to defend the queenside.} 23...Nd4 ( 23...Nxf4 24.Qxf4 ) 24.Qf2 ) 23.Rxd1 Rd8 24.Rd3 $5 {[%c_effect d3;square;d3;type;Interesting;persistent;true] An interesting move to fight for the d-file.} 24...c5 25.Qd2 c6 $6 {[%c_effect c6;square;c6;type;Inaccuracy;persistent;true] Positionally very dangerous, as it allows the invasion of the white queen.} ( 25...Rxd3 26.Qxd3 {White has a small advantage and can press for many moves, but Ding would have a much easier life than what will happen in the game.} ) 26.Rxd8+ Nxd8 ( 26...Qxd8 $2 {[%c_effect d8;square;d8;type;Mistake;persistent;true] loses material after} 27.Qxd8+ Nxd8 28.Bc7 ) 27.Qf4 $1 {[%c_effect f4;square;f4;type;GreatFind;persistent;true] The white queen enters the game and Black's position becomes more dangerous. It's impossible to defend all pawns on the queenside.} 27...b5 28.Qb8 Kh7 {From now on, Nepomniachtchi's game will be hesitant and he starts losing the advantage. To be honest, it's hard to say whether it's possible to win here against an accurate defense. More likely, White will win a pawn but Black will have enough resources to defend. But it was possible, at the very least, to make Ding suffer for a long time.} 29.Bd6 $6 ( 29.Bc7 {is the most natural move, winning the a5-pawn. This pawn is more important than the one on c5. Black faces a long fight for a draw, for instance:} 29...Ne6 30.Bxa5 Qd7 31.Nf4 Nxf4 ( 31...Nd4 {is also possible.} ) 32.Qxf4 ) 29...Qd7 30.Ng3 ( 30.Qc7 $5 Qxc7 31.Bxc7 Nb7 {White has the advantage in this endgame, but it's understandable that Nepomniachtchi prefers to keep the queens to have attacking chances.} ) ( 30.Bxc5 Qd2 $1 31.Nf4 Ne6 32.Nxe6 Bxe6 {Despite the pawn down, Black manages to escape with a draw.} 33.Qc7 a4 34.Bf8 ( 34.Qxc6 Qf4+ 35.Kh1 Qc1+ 36.Bg1 Bb3 $1 {[%c_effect b3;square;b3;type;GreatFind;persistent;true] with a likely draw.} ) 34...Qd7 {White cannot break the fortress. As it's well known, endgames with opposite-colored bishops are difficult to win.} ) 30...Ne6 31.f4 ( 31.c3 {Deserves consideration, controlling the knight.} ) 31...h5 ( 31...Nd4 {is the computer's suggestion. A human is worried about taking the knight away from the king and suffering an attack.} 32.c3 Nb3 {and the machine evaluates this as equal.} ) 32.c3 c4 ( 32...h4 {is more accurate.} 33.Nf5 Bg6 $1 34.Ne7 Be8 {Black is holding.} ) 33.h4 Qd8 34.Qb7 ( 34.Qxd8 $1 {[%c_effect d8;square;d8;type;GreatFind;persistent;true] is the last real chance to fight for the win.} 34...Nxd8 35.f5 {White can still try to win, since Black's position is passive, for example:} 35...Nb7 36.Be7 Kg8 37.Ne2 $1 Be8 38.Nf4 {The knight comes to rescue the bishop, going to g6 if necessary. White can try to bring the king to the game or to play the pawn break on g4. But I believe Ding would make a draw here as well.} ) 34...Be8 ( 34...Qxd6 $2 35.Qxf7 {White wins by force.} 35...Qxf4 ( 35...Nxf4 36.Nf5 ) 36.Qxe6 Qxh4+ 37.Qh3 ) 35.Nf5 Qd7 36.Qb8 Qd8 37.Qxd8 Nxd8 38.Nd4 Nb7 {Ding has no problems defending the endgame now.} 39.e5 Kg8 40.Kg3 Bd7 41.Bc7 Nc5 42.Bxa5 Kf7 {The knight heads to d3.} 43.Bb4 Nd3 44.e6+ Bxe6 45.Nxc6 Bd7 ( 45...Nxb2 $4 46.Nd8+ ) 46.Nd4 Nxb2 47.Kf3 Nd3 48.g3 Nc1 49.Ke3 ( 49.Ke3 Nb3 {The position is totally drawn after the exchange of knights. Nepomniachtchi must be frustrated having squandered an excellent position, but confident because he showed the strength of his preparation. Ding, for now, breathes a sigh of relief for having escaped, but his game showed weakness in the opening. It's just the beginning of what promises to be an exciting duel.} ) 1/2-1/2

[Event "E World Championship 2023"]
[Site "Chess.com"]
[Date "2023.04.10"]
[Round "2"]
[White "Ding, Liren"]
[Black "Nepomniachtchi, Ian"]
[Result "0-1"]
[WhiteElo "2788"]
[BlackElo "2795"]
[ECO "D30"]
[EventDate "2023.??.??"]
[Annotator "rafael"]
[PlyCount "58"]
[Beauty "8248216266255"]
[EventType "match"]
[EventRounds "3"]
[EventCountry "FID"]
[TimeControl "5400+30"]

1.d4 Nf6 2.c4 e6 3.Nf3 d5 4.h3 {Much will be said about this curious and rare choice as early as move four, probably an influence of the creative GM Rapport, one of Ding's seconds. Of course, the idea didn't work in the game, but let's not be too quick to judge its merits. The job of studying openings for those who play White at the highest level is very difficult: you have to come up with ideas that your opponent hasn't studied much with the computer. In chess, as in other sports, it is easier to destroy than to create. For this reason, more and more exotic ideas are sought after. The move has no specific idea, but now we have to think about how the h2-h3 move affects Black's choice for different moves and transpositions, such as 4...c6, 4...Bb4+, 4...Be7, 4... c5 and so on.} 4...dxc4 {Nepomniachtchi decides to take the game to typical Queen's Gambit Accepted positions. The next moves are very natural and I believed that at some point the game would transpose to some position well known by theory, but it didn't.} 5.e3 c5 6.Bxc4 a6 7.O-O Nc6 8.Nc3 b5 9.Bd3 Bb7 ( 9...cxd4 10.exd4 Nb4 {is also possible.} ) 10.a4 b4 11.Ne4 Na5 $1 {[%c_effect a5;square;a5;type;GreatFind;persistent;true] Interestingly, Ding had this position with White against Aronian in a blitz game in 2021, with the difference that the rook was on e1 and the pawn on h2. The move 11...Na5 works much better in the case of the present game, as this version is better for Black. Nepomniachtchi was evasive during the press conference when asked if he was familiar with this blitz game between Ding and Aronian, but my impression is that he was familiar with it and that helped him in making his decision. Black has other options as well:} ( 11...cxd4 12.exd4 Be7 13.Be3 {followed by 14.Rc1 and White tries to exploit the weaknesses on the queenside, compensating for the isolated pawn.} ) ( 11...Nxe4 12.Bxe4 f5 {it's always risky to advance pawns this way. White can fight for an advantage after} 13.Bxc6+ Bxc6 14.Ne5 Qd5 15.Nxc6 Qxc6 16.dxc5 Bxc5 17.b3 O-O 18.Bb2 ) 12.Nxf6+ $6 {[%c_effect f6;square;f6;type;Inaccuracy;persistent;true] Opening the g-file is a risky decision, as the combination of this file with a bishop on b7 can be very dangerous.} ( 12.Nxc5 {is the best move. That was Ding's choice in the aforementioned game against Aronian.} 12...Bxc5 13.dxc5 Nd7 {The most natural move, seeking to recover the pawn immediately.} ( 13...Be4 {is also an interesting option.} ) 14.c6 $1 ( 14.Bd2 {leads to a position of approximate equality after} 14...Nxc5 15.Bxb4 Nxd3 16.Bxa5 Qxa5 17.Qxd3 Bxf3 18.gxf3 O-O {Black has enough compensation for the pawn.} ) 14...Nxc6 15.Qe2 O-O 16.Rd1 Qe7 17.e4 Nde5 {With a normal position, roughly equal and safe for White.} ) 12...gxf6 $1 {[%c_effect f6;square;f6;type;GreatFind;persistent;true] Perhaps Ding underestimated the strength of this move, which weakens Black's structure for a good reason. This is a difficult move for chess players with a very positional style, but it's a natural one for someone who likes the initiative like Nepomniachtchi.} 13.e4 $6 {[%c_effect e4;square;e4;type;Inaccuracy;persistent;true] This makes things worse.} ( 13.dxc5 {is necessary, since in that case, Black's king will have no refuge on the queenside.} 13...Bxc5 14.e4 Rg8 {With a complicated position, with chances for both sides.} ) 13...c4 $1 {[%c_effect c4;square;c4;type;GreatFind;persistent;true] Despite handing over central control to the opponent, Black can now take the king to the queenside and start a threatening attack with all his pieces playing.} 14.Bc2 Qc7 15.Bd2 Rg8 ( 15...O-O-O {is also good.} ) 16.Rc1 O-O-O 17.Bd3 $2 {[%c_effect d3;square;d3;type;Mistake;persistent;true] A bad decision. Ding probably wanted to bring the bishop to f1 and secure the king's defense, but he won't have time for that.} ( 17.Qe1 {it is better. Play can continue:} 17...f5 18.Kh1 $1 Nc6 $1 {[%c_effect c6;square;c6;type;GreatFind;persistent;true] and Black's initiative persists, but White has much more resources than in the game.} ) 17...Kb8 18.Re1 ( 18.b3 {loses to} 18...c3 ) ( 18.Bxc4 {doesn't work:} 18...Nxc4 19.b3 ( 19.Qe2 Rc8 20.b3 Nxd2 21.Rxc7 Nxf3+ 22.Qxf3 Rxc7 {with a decisive material advantage for Black.} ) 19...Nb2 ( 19...Nxd2 $6 {[%c_effect d2;square;d2;type;Inaccuracy;persistent;true] is not clear now:} 20.Rxc7 Nxf3+ 21.Qxf3 Kxc7 22.Qxf6 ) ( 19...Bxe4 {is also very good.} 20.Rxc4 Qb7 ) 20.Rxc7 Nxd1 21.Rxb7+ Kxb7 22.Rxd1 Bd6 {And White doesn't have enough compensation for the exchange.} ) 18...f5 $1 {[%c_effect f5;square;f5;type;GreatFind;persistent;true] This move received high praise from Ding at the press conference.} 19.Bc2 ( 19.exf5 {is brutally refuted.} 19...Rxd4 $3 {[%c_effect d4;square;d4;type;Brilliant;persistent;true] and White's position collapses:} 20.Nxd4 Rxg2+ 21.Kf1 Rxf2+ 22.Kxf2 Qh2+ 23.Ke3 ( 23.Kf1 Qg2# ) 23...Bh6# ) 19...Nc6 ( 19...f6 $5 {[%c_effect f6;square;f6;type;Interesting;persistent;true] is also very good and was mentioned by Nepomniachtchi during the interview. The plan is to move the queen to g7. But the knight is Black's worst piece and he decided to bring it into the game.} ) 20.Bg5 {There's not much to recommend for White. I suspect that both players knew that the fate of the game was already sealed by this point. There is no proper way to defend the d4-pawn.} ( 20.exf5 Nxd4 {with a winning attack.} ) ( 20.Be3 f4 {sends the bishop back home.} ) ( 20.d5 exd5 21.exd5 Bc5 $1 {[%c_effect c5;square;c5;type;GreatFind;persistent;true] with a winning attack, for example:} 22.dxc6 Qg3 ) 20...Rxg5 $1 {[%c_effect g5;square;g5;type;GreatFind;persistent;true] A player of Nepomniachtchi's class plays this move by intuition.} 21.Nxg5 Nxd4 {For the exchange, Black has a pawn, active pieces, and an attack, while White is totally uncoordinated.} 22.Qh5 f6 {The simplest path to victory.} 23.Nf3 ( 23.Nxh7 Bc5 24.Nxf6 Qf4 {All the black pieces take part in the attack.} 25.Bb1 Nb3 26.Rc2 Nd2 ) 23...Nxc2 24.Rxc2 Bxe4 25.Rd2 Bd6 26.Kh1 c3 $1 27.bxc3 bxc3 28.Rd4 c2 29.Qh6 e5 {The rook doesn't have a proper square. An excellent game from Nepomniachtchi, who showed to be in great shape. Ding's performance in these first two games is worrying, but now he will have a free day to rest and continue the fight in the third game.} 0-1